 Dungeon Crawl Stone Soup version 0.17-a0-1435-geafbe2f (webtiles) character file.

21621 Fizybubbleh the Reanimator (level 12, -6/88 HPs)
             Began as a Mummy Necromancer on June 24, 2015.
             Was a High Priest of Sif Muna.
             Mangled by a siren
             ... wielding a +0 spear
              (11 damage)
             ... on level 5 of the Lair of Beasts on June 26, 2015.
             The game lasted 01:47:02 (19731 turns).

Fizybubbleh the Reanimator (Mummy Necromancer)     Turns: 19731, Time: 01:47:03

Health: -6/88      AC: 17    Str: 23    XL:     12   Next: 55%
Magic:  3/24       EV:  8    Int: 27    God:    Sif Muna [*****.]
Gold:   384        SH:  0    Dex:  8    Spells: 7 memorised, 2 levels left

rFire  . . .     SeeInvis .     i - +1 dagger (venom)
rCold  + + +     Clarity  .     E - +2 chain mail {rF+}
rNeg   + + +     SustAt   .     (no shield)
rPois  ∞         Gourm    .     (no helmet)
rElec  .         Spirit   .     y - +1 cloak
rCorr  +         Warding  .     j - +0 pair of gloves
rMut   .         Stasis   .     t - +0 pair of boots of Eternal Vigilance {*Drain rC++ rCorr Int+3}
MR     +....                    d - amulet of regeneration
Stlth  ..........               o - ring "Qeta" {rC+ Str+11 Dex-5}
                                s - +6 ring of intelligence

@: about to teleport, mesmerised, very slightly contaminated, drained, somewhat
resistant to hostile enchantments, extremely unstealthy
A: no food or potions, fire vulnerability, cold resistance 1, negative energy
resistance 3, torment resistance, unbreathing
a: Channel Energy, Forget Spell, Renounce Religion


You were on level 5 of the Lair of Beasts.
You worshipped Sif Muna.
Sif Muna was extremely pleased with you.
You were not hungry.

You visited 3 branches of the dungeon, and saw 17 of its levels.
You also visited: Labyrinth and Sewer.

You collected 924 gold pieces.
You spent 540 gold pieces at shops.

Inventory:

Hand weapons
 i - a +1 dagger of venom (weapon)
 C - a +1 flail of holy wrath
 D - the +10 great sword of Ugigh {freeze, -Tele *Drain Str+11 Dex+2}
   (You found it in a labyrinth)

   It has been specially enchanted to freeze those struck by it, causing extra
   injury to most foes and up to half again as much damage against particularly
   susceptible opponents.
   It can also slow down cold-blooded creatures.
   It affects your strength (+11).
   It affects your dexterity (+2).
   It prevents most forms of teleportation.
   It causes draining when unequipped.
 H - a +2 falchion of holy wrath
Missiles
 e - 3 tomahawks (quivered)
Armour
 j - a +0 pair of gloves (worn)
 t - the +0 pair of boots of Eternal Vigilance (worn) {*Drain rC++ rCorr Int+3}
   (You found it on level 4 of the Dungeon)

   It affects your intelligence (+3).
   It greatly protects you from cold.
   It protects you from acid and corrosion.
   It causes draining when unequipped.
 y - a +1 cloak (worn)
 A - the +4 ring mail "Arghamauv" {Str+4}
   (You took it off an orc on level 7 of the Dungeon)

   It affects your strength (+4).
 E - a +2 chain mail of fire resistance (worn)
Rods
 z - a +4 rod of the swarm (13/13)
   (You found it in a labyrinth)
Jewellery
 d - an amulet of regeneration (around neck)
 k - an uncursed ring of protection from magic
 l - an uncursed ring of magical power
 o - the ring "Qeta" (right hand) {rC+ Str+11 Dex-5}
   (You found it in a labyrinth)

   [ring of protection from cold]

   It affects your strength (+11).
   It affects your dexterity (-5).
   It protects you from cold.
 s - a +6 ring of intelligence (left hand)
 x - an uncursed ring of flight
 B - an uncursed ring of positive energy
Magical devices
 f - a wand of fire (1)
 u - a wand of random effects (23)
 F - a wand of paralysis (17)
 G - a wand of magic darts (27)
 I - a wand of slowing (27)
 K - a wand of lightning (3)
Scrolls
 c - 7 scrolls of fog
 g - a scroll of remove curse
 h - 4 scrolls of enchant weapon
 m - 3 scrolls of recharging
 n - a scroll of teleportation
 p - a scroll of magic mapping
 q - 2 scrolls of amnesia
 v - a scroll of immolation
Books
 a - a book of the Dragon

   Spells                             Type                      Level
   a - Flame Tongue                   Conjuration/Fire             1
   b - Cause Fear                     Hexes                        4
   c - Bolt of Fire                   Conjuration/Fire             6
   d - Dragon Form                    Transmutation                7
   e - Dragon's Call                  Summoning                    9
 b - a book of Necromancy

   Spells                             Type                      Level
   a - Pain                           Necromancy                   1
   b - Animate Skeleton               Necromancy                   1
   c - Vampiric Draining              Necromancy                   3
   d - Regeneration                   Charms/Necromancy            3
   e - Animate Dead                   Necromancy                   4
   f - Control Undead                 Necromancy                   4
 r - a book of Death

   Spells                             Type                      Level
   a - Corpse Rot                     Necromancy                   2
   b - Sublimation of Blood           Necromancy                   2
   c - Agony                          Necromancy                   5
   d - Dispel Undead                  Necromancy                   5
   e - Excruciating Wounds            Charms/Necromancy            5
   f - Bolt of Draining               Conjuration/Necromancy       5
 J - a book of Geomancy

   Spells                             Type                      Level
   a - Sandblast                      Earth                        1
   b - Stoneskin                      Transmutation/Earth          2
   c - Passwall                       Transmutation/Earth          3
   d - Stone Arrow                    Conjuration/Earth            3
   e - Petrify                        Transmutation/Earth          4
   f - Lee's Rapid Deconstruction     Earth                        5


   Skills:
 - Level 6.0(4.8) Fighting
 - Level 0.7(3.1) Short Blades
 + Level 6.8(5.6) Long Blades
 - Level 7.8(6.6) Armour
 - Level 1.5(0.5) Dodging
 - Level 1.5(0.5) Stealth
 - Level 8.0(6.8) Spellcasting
 - Level 12.1(10.7) Necromancy
 - Level 6.5(5.3) Invocations


You had 2 spell levels left.
You knew the following spells:

 Your Spells              Type           Power        Failure   Level  Hunger
a - Pain                  Necr           ####         1%          1    N/A
b - Vampiric Draining     Necr           ######....   1%          3    N/A
c - Animate Dead          Necr           N/A          8%          4    N/A
d - Corpse Rot            Necr           N/A          1%          2    N/A
e - Agony                 Necr           ######..     17%         5    N/A
f - Dispel Undead         Necr           ######..     17%         5    N/A
g - Bolt of Draining      Conj/Necr      #####.....   95%         5    N/A

Dungeon Overview and Level Annotations

Branches:
Dungeon (11/15)            Temple (1/1) D:6            Lair (5/8) D:10
 Shoals (0/4) Lair:5
  Snake: Lair:3-6    Spider: Lair:3-6       Orc: D:9-12

Altars:
Ashenzari
Elyvilon
Fedhas
Kikubaaqudgha
Makhleb
Nemelex Xobeh
Qazlal
Sif Muna
Trog
Vehumet
Xom
Yredelemnul
Zin
The Shining One

Shops:
D:9 (   D:10 (=?*}

Annotations:
D:2 exclusion: Sigmund, Sigmund
D:4 exclusion: Crazy Yiuf, Crazy Yiuf
D:6 exclusion: 2 slaves
D:9 Maurice
Lair:5 Rupert


Innate Abilities, Weirdness & Mutations

You do not eat or drink.
Your flesh is vulnerable to fire.
You are immune to poison.
Your flesh is cold resistant.
You are immune to negative energy.
You are immune to unholy pain and torment.
You can survive without breathing.


Message History

You feel life coursing into your body. The porcupine barely misses you.
Rupert hits you with a great mace of protection!!!
* * * LOW HITPOINT WARNING * * *
The siren chants its luring song. x2
You take 38 damage, and have 5/88 hp.
MASSIVE DAMAGE!!
You now have 3/24 mp.
Read which item? (? for menu, Esc to quit)
Blink to where?
You cannot blink away from the siren!
Blink to where?
You cannot blink away from the siren!
Blink to where?
Splash!
You fall into the shallow water.
Moving in this stuff is going to be slow.
You are very lightly contaminated with residual magic.
As you read the scroll of blinking, it crumbles to dust.
The siren hits you from afar with a spear!
You die...

#### ###..##
#.@)mP# #≈≈≈.#@P#
≈≈≈≈≈...#.m##
.#>#..###.#§#
#...###....r#
#####.......# #.
..........####P..
............P....
.................%


You could see Rupert (berserk) and 2 sirens.

Vanquished Creatures
  A minotaur (Lab)
  Harold (Lair:3)
  3 hydras
  The ghost of pulse the Protected, a powerful HuFi of Qazlal (Lair:1)
  An oklob plant (Lair:4)
  A griffon (Lair:5)
  3 elephants (Lair:4)
  A siren (Lair:5)
  3 black mambas
  5 spiny frogs
  3 komodo dragons
  A troll (D:10)
  2 fire drakes
  A merfolk (Lair:5)
  4 hippogriffs
  Eustachio (D:6)
  A hungry ghost (D:10)
  7 yaks
  5 water moccasins
  16 wolves
  An ice beast (D:6)
  A sky beast (D:10)
  An orc warrior (D:7)
  2 phantoms
  11 porcupines
  A slave (D:9)
  3 ogres
  3 black bears
  A wasp (D:8)
  3 centaurs
  A big kobold (D:9)
  6 crocodiles
  3 scorpions
  5 giant frogs
  21 killer bees
  A jelly (D:10)
  A quasit (D:6)
  3 crimson imps
  6 orc priests
  4 hounds
  A centaur skeleton (D:4)
  4 giant frog skeletons
  8 iguanas
  A gnoll shaman (D:8)
  5 orc wizards
  Natasha (D:2)
  17 sheep
  9 worker ants
  2 hound skeletons
  15 river rats
  14 adders
  A worker ant zombie (D:10)
  8 gnolls
  2 shadow imps
  2 adder skeletons
  2 worms
  4 giant geckos
  27 orcs
  A bat skeleton (D:4)
  2 bat zombies
  16 hobgoblins
  7 jackals (D:8)
  19 kobolds
  4 quokkas
  6 ball pythons
  27 bats
  9 giant cockroaches
  A giant gecko skeleton (D:5)
  15 giant newts
  7 goblins
  2 jackal skeletons
  A quokka skeleton (D:6)
  17 rats
  A plant (Lair:4)
397 creatures vanquished.

Vanquished Creatures (collateral kills)
  A black mamba (Lair:2)
  A deep elf fighter (D:10)
  An orc warrior (D:10)
  A gnoll sergeant (D:6)
  A crimson imp (D:10)
  A hound (D:7)
  An orc priest (D:10)
  An adder (D:6)
  A gnoll (D:6)
  A shadow imp (D:7)
  2 orcs
  A bat (D:10)
  A kobold (D:9)
  A ball python skeleton (D:5)
  A giant gecko skeleton (D:4)
  4 rats
  A fungus (D:10)
21 creatures vanquished.

Vanquished Creatures (others)
  A crimson imp (D:7)
  3 fungi
4 creatures vanquished.

Grand Total: 422 creatures vanquished

Notes
Turn   | Place    | Note
--------------------------------------------------------------
     0 | D:1      | Fizybubbleh the Mummy Necromancer began the quest for the Orb.
     0 | D:1      | Reached XP level 1. HP: 13/13 MP: 3/3
    98 | D:1      | Upgraded the game from 0.17-a0-1421-g95311d7 to 0.17-a0-1435-geafbe2f
   280 | D:1      | Reached XP level 2. HP: 19/19 MP: 3/5
  1177 | D:2      | Reached skill level 5 in Necromancy
  1177 | D:2      | Reached XP level 3. HP: 24/24 MP: 0/6
  1289 | D:2      | Found a sparkling altar of Nemelex Xobeh.
  1577 | D:2      | Learned a level 3 spell: Vampiric Draining
  1717 | D:2      | Noticed Natasha
  1718 | D:2      | Found a deep blue altar of Sif Muna.
  1724 | D:2      | Killed Natasha
  1724 | D:2      | Reached XP level 4. HP: 30/30 MP: 2/7
  1779 | D:2      | Became a worshipper of Sif Muna the Loreminder
  1971 | D:2      | Noticed Sigmund
  2753 | D:3      | Reached skill level 6 in Necromancy
  3383 | D:4      | Found a stormy altar of Qazlal.
  3433 | D:4      | Reached XP level 5. HP: 31/35 MP: 2/8
  3652 | D:4      | Noticed Crazy Yiuf
  3979 | D:4      | Learned a level 4 spell: Animate Dead
  3996 | D:4      | Acquired Sif Muna's first power
  3996 | D:4      | Reached skill level 7 in Necromancy
  4023 | D:4      | Reached XP level 6. HP: 38/41 MP: 7/9
  4261 | D:4      | Got a pair of ichor-stained boots
  4383 | D:4      | Identified the cursed +0 pair of boots of Eternal Vigilance {*Drain rC++ rCorr Int+3} (You found it on level 4 of the Dungeon)
  4565 | D:4      | Reached skill level 8 in Necromancy
  4719 | D:5      | Entered Level 5 of the Dungeon
  5134 | D:5      | Reached XP level 7. HP: 46/46 MP: 3/10
  5422 | D:5      | Found a radiant altar of Vehumet.
  5533 | D:5      | Acquired Sif Muna's second power
  5533 | D:5      | Reached skill level 9 in Necromancy
  5965 | D:6      | Reached skill level 10 in Necromancy
  6191 | D:6      | Reached XP level 8. HP: 42/52 MP: 11/11
  6410 | D:6      | Found a glowing drain.
  6425 | Sewer    | Entered a sewer
  7015 | Sewer    | Learned a level 2 spell: Corpse Rot
  7287 | D:6      | Found a staircase to the Ecumenical Temple.
  7334 | D:6      | Reached skill level 11 in Necromancy
  7477 | D:6      | Noticed Eustachio
  7699 | D:6      | Killed Eustachio
  8000 | D:6      | Reached skill level 12 in Necromancy
  8008 | D:6      | HP: 1/52 [killer bee (9)]
  8029 | Temple   | Entered the Ecumenical Temple
  8310 | D:6      | Reached XP level 9. HP: 42/57 MP: 6/12
  8525 | D:6      | Acquired Sif Muna's third power
  8603 | D:7      | Found a glowing golden altar of the Shining One.
  8765 | D:7      | Got a jewelled ring mail
  8813 | D:7      | Found a glowing silver altar of Zin.
  8824 | D:7      | Identified the +4 ring mail "Arghamauv" {Str+4} (You took it off an orc on level 7 of the Dungeon)
  8833 | D:7      | Noticed an angel
  8839 | D:7      | Found a shimmering altar of Xom.
  8979 | D:7      | Found a shattered altar of Ashenzari.
  9151 | D:7      | Learned a level 5 spell: Agony
  9595 | D:8      | Reached skill level 5 in Spellcasting
 10009 | D:8      | Found a burning altar of Makhleb.
 10046 | D:8      | Found a blossoming altar of Fedhas.
 10692 | D:8      | Learned a level 5 spell: Dispel Undead
 10789 | D:8      | Found a white marble altar of Elyvilon.
 10829 | D:8      | Found an ancient bone altar of Kikubaaqudgha.
 11521 | D:9      | Found a bloodstained altar of Trog.
 11534 | D:9      | Noticed Maurice
 11557 | D:9      | Reached skill level 1 in Invocations
 12022 | D:9      | Found Umupygg's Weapon Boutique.
 12037 | D:10     | Entered Level 10 of the Dungeon
 12103 | D:10     | Found Qiuczoag's Antique Weapon Boutique.
 12174 | D:10     | Reached XP level 10. HP: 59/63 MP: 6/20
 12315 | D:10     | Found a staircase to the Lair.
 12352 | D:10     | Found Meser's Jewellery Emporium.
 12362 | D:10     | Found Faozirof's Magic Scroll Boutique.
 12363 | D:10     | Bought an uncursed ring of protection from magic for 300 gold pieces
 12364 | D:10     | Bought an uncursed ring of magical power for 240 gold pieces
 12568 | D:10     | Reached skill level 5 in Invocations
 12681 | D:9      | Found a basalt altar of Yredelemnul.
 13081 | D:10     | Found Bezxuzoh's General Store.
 13124 | D:10     | Found Wiatorph's Gadget Shop.
 13377 | Lair:1   | Entered Level 1 of the Lair of Beasts
 13395 | Lair:1   | Found a labyrinth entrance.
 13404 | Lab      | Entered a labyrinth
 13805 | Lab      | Noticed a minotaur
 13814 | Lab      | Killed a minotaur
 13833 | Lab      | Got a steaming iron ring
 13834 | Lab      | Got an iridescent great sword
 13835 | Lab      | Identified the +10 great sword of Ugigh {freeze, -Tele *Drain Str+11 Dex+2} (You found it in a labyrinth)
 13837 | Lab      | Identified the ring "Qeta" {rC+ Str+11 Dex-5} (You found it in a labyrinth)
 13902 | Lab      | Learned a level 5 spell: Bolt of Draining
 14004 | Lair:1   | Reached skill level 1 in Armour
 14260 | Lair:1   | Noticed pulse's ghost (powerful HuFi)
 14264 | Lair:1   | Killed pulse's ghost
 14482 | Lair:1   | Reached XP level 11. HP: 66/68 MP: 13/23
 15323 | Lair:2   | Reached skill level 5 in Armour
 16250 | Lair:2   | Noticed an eight-headed hydra
 16255 | Lair:2   | Killed an eight-headed hydra
 16468 | Lair:3   | Reached skill level 1 in Fighting
 16796 | Lair:3   | Noticed Harold
 16807 | Lair:3   | Killed Harold
 17002 | Lair:3   | Noticed a four-headed hydra
 17008 | Lair:3   | Killed a five-headed hydra
 17008 | Lair:3   | Reached skill level 5 in Fighting
 17013 | Lair:3   | Noticed a seven-headed hydra
 17025 | Lair:3   | Killed a seven-headed hydra
 17443 | Lair:3   | Reached skill level 1 in Long Blades
 17443 | Lair:3   | Reached XP level 12. HP: 51/88 MP: 5/24
 19151 | Lair:4   | Reached skill level 5 in Long Blades
 19700 | Lair:5   | Found a staircase to the Shoals.
 19717 | Lair:5   | Noticed Rupert
 19731 | Lair:5   | Mangled by a siren

Vault maps used:
D:1:      dpeg_arrival_arbitrary_c
D:2:      old_standard_altar, first_bread, nemelex_diamond_rough_becter,
          uniq_sigmund, uniq_natasha
D:3:      kennysheep_six_static_rooms, grunt_decor_clamped
D:4:      overflow_temple_1_default, kennysheep_small_square,
          uniq_crazy_yiuf_cottage
D:5:      lemuel_crystal_altar, serial_glass, glass_columns_a, glass_columns_a
D:6:      minmay_temple_entry_overgrown, gup_sewer_entry_bubbles,
          grunt_ministairs_10, uniq_pikel, uniq_eustachio
D:7:      grunt_temple_overflow_order_and_chaos_1, cheibrodos_ashenzari_chains,
          basic_altar
D:8:      grunt_temple_overflow_growth_and_decay, lemuel_crystal_altar,
          basic_altar
D:9:      kennysheep_mini_moat, nicolae_overflow_hidden_temple, serial_shops,
          kennysheep_mini, uniq_maurice
D:10:     grunt_lair_entry_elf_guard_hut, serial_shops, shop, shop, shop,
          nicolae_shop_stone, nicolae_shop_trees
Temple:   minmay_temple_curvy_8
Lair:1:   lab_entry_generic
Lair:2:   wad_woods_03
Lair:3:   st_stairs_3, uniq_harold
Lair:4:   minmay_lair_oklob_items
Lair:5:   elwin_shoals_entry_stream, guppyfry_snake_entry_garden,
          roderic_lost_polar_bear, serial_bayou_shore_a, lemuel_fruit_tree,
          grunt_megastairs_2, uniq_rupert
Lab:      labyrinth_hidden_loot, nicolae_lab_x
Sewer:    sewer_co_cracked_pipes

Action                   |  1- 3 |  4- 6 |  7- 9 | 10-12 || total
-------------------------+-------+-------+-------+-------++-------
Melee: Dagger            |     1 |    70 |   239 |    46 ||   356
       Great sword       |       |       |       |   178 ||   178
Throw: Throwing net      |       |       |       |     1 ||     1
 Cast: Pain              |    58 |   130 |   326 |   239 ||   753
       Vampiric Draining |       |     3 |    35 |    72 ||   110
       Animate Dead      |       |     2 |    18 |     8 ||    28
       Corpse Rot        |       |       |    14 |     1 ||    15
       Dispel Undead     |       |       |     6 |     8 ||    14
       Agony             |       |       |     6 |    34 ||    40
Invok: Channel Energy    |       |     1 |    32 |    16 ||    49
Evoke: Wand              |       |       |       |     1 ||     1
  Use: Scroll            |       |     7 |    13 |     6 ||    26
 Stab: Distracted        |       |       |     1 |       ||     1
